 Dungeon Crawl Stone Soup version 0.30-a0-393-g54b8e3be05 (webtiles) character file.

Game seed: 4992347544584792764

46 PimpSugar the Magician (level 3, 0/24 HPs)
             Began as a Demonspawn Hedge Wizard on Dec 6, 2022.
             Succumbed to a scorpion's poison
             ... on level 4 of the Dungeon.
             The game lasted 00:03:27 (1316 turns).

PimpSugar the Magician (Demonspawn Hedge Wizard)    Turns: 1316, Time: 00:03:27

Health: 0/24       AC:  2    Str: 10    XL:     3   Next: 44%
Magic:  8/8        EV: 12    Int: 17    God:
Gold:   139        SH:  4    Dex: 12    Spells: 7/10 levels left

rFire   . . .      SeeInvis .    m - +0 dagger (drain)
rCold   + . .      Faith    .    (no shield)
rNeg    . . .      Spirit   .    b - +0 robe
rPois   .          Reflect  .    c - +0 hat
rElec   .          Harm     .    (no cloak)
rCorr   .          Rampage  .    (no gloves)
Will    .....                    (no boots)
Stlth   ++........               (no amulet)
HPRegen 0.24/turn                h - ring of protection from cold
MPRegen 0.11/turn                (no ring)

@: lethally poisoned (0 -> -7), invisible
A: condensation shield, weakness stinger 1
a: no special abilities


You were on level 4 of the Dungeon.
You visited 1 branch of the dungeon, and saw 3 of its levels.

You collected 139 gold pieces.

Inventory:

Hand Weapons
 a - a +0 dagger
 m - a +0 dagger of draining (weapon)
Missiles
 n - 16 stones
Armour
 b - a +0 robe (worn)
 c - a +0 hat (worn)
Jewellery
 h - a ring of protection from cold (left hand)
Scrolls
 e - a scroll of blinking
 f - a scroll of noise
 g - 2 scrolls of identify
 j - a scroll of fear
Potions
 d - a potion of magic


   Skills:
 - Level 1.8 Dodging
 - Level 1.7 Stealth
 * Level 4.2 Spellcasting
 + Level 1.0 Conjurations
 + Level 1.0 Summonings
 - Level 0.8 Translocations


You had 7 spell levels left.
You knew the following spells:

 Your Spells              Type           Power      Damage    Failure   Level
a - Magic Dart            Conj           28%        1d4       10%         1
b - Call Imp              Summ           7%         N/A       16%         2

Your spell library contained the following spells:

 Spells                   Type           Power      Damage    Failure   Level
 Slow                     Hex            12%        N/A       16%         1
 Blink                    Tloc           12%        N/A       16%         2
 Cigotuvi's Dreadful Rot  Necr/Pois/Air  6%         N/A       24%         2
 Mephitic Cloud           Conj/Pois/Air  4%         N/A       36%         3


Dungeon Overview and Level Annotations

Branches:
Dungeon (2/15)

Altars:

Annotations:
D:4 Edmund


Innate Abilities, Weirdness & Mutations

A meltable shield of frost defends you. (SH +4)
You have a small tail.


Message History

The kobold barely misses you.
You closely miss the kobold. You tail-slap the kobold.
The kobold is severely wounded.
The hobgoblin hits you. The kobold misses you.
You barely miss the kobold.
Your tail-slap misses the kobold.
The kobold is severely wounded.
The hobgoblin hits you. The kobold barely misses you.
You hit the hobgoblin.
The hobgoblin is heavily wounded.
The scorpion stings you.
You are poisoned.
The scorpion poisons you! The hobgoblin hits you.
The kobold hits you with a +0 short sword.
You barely miss the hobgoblin.
Your tail-slap misses the hobgoblin.
The hobgoblin is heavily wounded.
You feel very sick.
The scorpion stings you but does no damage.
The hobgoblin misses you. The kobold completely misses you.
* * * LOW HITPOINT WARNING * * *
You feel very sick. You block the hobgoblin's attack.
You feel better.
The scorpion stings you but does no damage.
The hobgoblin hits you.
You hit the hobgoblin but do no damage. You drain the hobgoblin.
The hobgoblin is almost dead.
The scorpion stings you. x2
* * * LOW HITPOINT WARNING * * *
You are lethally poisoned!
The scorpion poisons you! The hobgoblin closely misses you.
You barely miss the hobgoblin.
The hobgoblin is almost dead.
* * * LOW HITPOINT WARNING * * *
You feel very sick. The scorpion closely misses you.
The hobgoblin barely misses you.
Found 12 gold pieces.
* * * LOW HITPOINT WARNING * * *
You feel sick. You block the hobgoblin's attack.
You fade into invisibility!
You die...

$...... ....... .......
....... #.....$...
....... #..........
....... #>.....$...
.......### #....[.....
.........# ..........
.......@s####.........
........gKg.@.........
.........###..........
..........!#.....?....#
.........#..@.........#
#......#.#............#
####...#.............#.
#....#.#............
#######.............##...


You could see Edmund (unable to see you), a scorpion (unable to see you), a
hobgoblin (unable to see you, very drained), a goblin (unable to see you) and a
kobold (unable to see you).

Vanquished Creatures
  An adder (D:2)
  A dart slug (D:1)
  8 endoplasms (D:1)
  3 giant cockroaches
  2 goblins
  2 hobgoblins (D:1)
  A quokka (D:1)
  3 ball pythons
  3 bats (D:1)
  A frilled lizard (D:1)
  3 kobolds (D:1)
  4 rats
32 creatures vanquished.

Notes
Turn   | Place    | Note
-------+----------+-------------------------------------------
     0 | D:1      | PimpSugar the Demonspawn Hedge Wizard began the quest for
                  | the Orb.
     0 | D:1      | Reached XP level 1. HP: 13/13 MP: 4/4
   412 | D:1      | Gained mutation: You have a small tail. [demonic ancestry]
   412 | D:1      | Reached XP level 2. HP: 17/19 MP: 0/6
   798 | D:1      | Reached skill level 4 in Spellcasting
   798 | D:1      | Gained mutation: A meltable shield of frost defends you.
                  | (SH +4) [demonic ancestry]
   798 | D:1      | Reached XP level 3. HP: 11/24 MP: 5/8
  1122 | D:2      | Learned a level 2 spell: Call Imp
  1268 | D:2      | You fall into a shaft and drop 2 floors!
  1286 | D:4      | Noticed Edmund
  1303 | D:4      | Noticed a scorpion
  1316 | D:4      | Succumbed to a scorpion's poison

Illustrated notes

Levels and vault maps discovered:
D:1:      eino_arrival_cavern_b, layout_basic, hangedman_decor_slide_cut,
          minmay_tromino_v4_a
D:2:      layout_basic, corexii_hall_statues_deadend
D:4:      layout_rooms, elyvilon_altar_1, nicolae_ossuary_entry_ruins,
          serial_shops, nicolae_stop_n_shop_1, gammafunk_ghost_split,
          uniq_edmund

Skill      XL: |  1  2 |
---------------+-------+-----
Spellcasting   | 4 |  4.2
Dodging        | |  1.8
Stealth        | |  1.7
Conjurations   | |  1.0
Summonings     | |  1.0
Translocations | |  0.8

Action                   || total
-------------------------++-------
Melee: Dagger            ||    62
       Tailslap          ||     8
 Cast: Magic Dart        ||    52
  Use: Scroll            ||     6
       Potion            ||     2
Armor: Robe              ||    18
Dodge: Dodged            ||    55
Block: Other             ||     2

Table legend: (Time is in decaauts)
 A = Elapsed time spent in this place.
 B = Non-inter-level travel time spent in this place.
 C = Inter-level travel time spent in this place.
 D = Time resting spent in this place.
 E = Time spent auto-exploring this place.
 F = Levels seen in this place.
 G = Mean time per level.
                   A        B        C        D        E       F      G
               +--------+--------+--------+--------+--------+-----+--------+
         Total |   1315 |   1296 |     19 |     65 |    895 |   3 |  438.3 |
       Dungeon |   1315 |   1296 |     19 |     65 |    895 |   3 |  438.3 |
               +--------+--------+--------+--------+--------+-----+--------+

Top non-repeatable levels by time:
     D:1: 1002 daAuts
     D:2: 264 daAuts
     D:4: 47 daAuts
